 Dungeon Crawl Stone Soup version 0.23.2-1-ga50397a6bc (webtiles) character file.

Game seed: 12544758855040281513

95 Mrkan the Skirmisher (level 4, -7/41 HPs)
             Began as a Minotaur Fighter on May 17, 2019.
             Was an Initiate of Ashenzari.
             Mangled by Sigmund
             ... wielding a +0 scythe
              (12 damage)
             ... on level 2 of the Dungeon.
             The game lasted 00:03:37 (1372 turns).

Mrkan the Skirmisher (Minotaur Fighter)             Turns: 1372, Time: 00:03:38

Health: -7/41      AC:  6    Str: 20    XL:     4   Next: 40%
Magic:  3/3        EV:  7    Int:  6    God:    Ashenzari [......]
Gold:   155        SH:  9    Dex: 10    Spells: 3/3 levels left

rFire    . . .     SeeInvis .   a - +0 flail
rCold    . . .     Gourm    .   c - +0 shield
rNeg     . . .     Faith    .   b - +0 scale mail
rPois    .         Spirit   .   (helmet restricted)
rElec    .         Reflect  .   (no cloak)
rCorr    .         Harm     .   (no gloves)
MR       .....                  (no boots)
Stlth    ..........             (no amulet)
HPRegen  0.13/turn              (no ring)
MPRegen  0.08/turn              (no ring)

@: no status effects
A: retaliatory headbutt, horns 2
a: Curse Item, Renounce Religion


You were on level 2 of the Dungeon.
You worshipped Ashenzari.
Ashenzari was noncommittal.
You were hungry.

You visited 1 branch of the dungeon, and saw 2 of its levels.

You collected 155 gold pieces.

Inventory:

Hand Weapons
 a - a +0 flail (weapon)
 l - a +0 flail of protection
Armour
 b - a +0 scale mail (worn)
 c - a +0 shield (worn)
Wands
 n - a wand of acid (10)
Scrolls
 e - a scroll of remove curse
 g - 7 scrolls of identify {unknown}
 h - a scroll of noise {unknown}
 i - a scroll of enchant weapon {unknown}
 k - a scroll of magic mapping {unknown}
 m - a scroll of teleportation {unknown}
Potions
 d - a potion of might
 j - a potion of curing {unknown}
Comestibles
 f - 3 rations


   Skills:
 + Level 4.4 Fighting
 * Level 4.4 Maces & Flails
 - Level 3.6 Armour
 + Level 4.4 Shields


You had 3 spell levels left.
You didn't know any spells.
Your spell library was empty.

Dungeon Overview and Level Annotations

Branches:
Dungeon (2/15)

Altars:
Ashenzari
Elyvilon
Trog

Annotations:
D:2 Sigmund


Innate Abilities, Weirdness & Mutations

You reflexively headbutt those who attack you in melee.
You have a pair of horns on your head.


Message History

The jackal barks!
You hear a bark!
Something hits you!
A jackal comes into view.
You hear a shout!
You barely miss something. You headbutt something!
A jackal comes into view.
Something hits you!
The jackal moves out of view.
Your shield prevents you from hitting something.
You hear some strange, mumbled words.
Something tries to affect you, but you resist.
You barely miss something. Something hits you!
You closely miss something. Your headbutt misses something. Something hits you.
* * * LOW HITPOINT WARNING * * *
You hit something but do no damage. You headbutt something.
You block something's attack.
You closely miss something. Something hits you.
* * * LOW HITPOINT WARNING * * *
You miss something. You closely miss something. Your headbutt misses something.
Something hits you!
You die...

##.#.####################.######.
#.#.# ............... #.#.#
..#..(#..#####. #.#.# ......)..##
#. #.#.# ..#..)##..# #. #.#.#
...... ##.## #. #.#.# #######
#..# #. #.#.. #############..#
##.###. ##.# ....hh{@.......#
#..##. ...#
#....h#######†######.##. ####
#.... #........... ###### #...
#########.#. .....# #.. #.#.
.....# #. #... .....# # ##..
..)..# #.. .....# #..


You could see 3 jackals.

Vanquished Creatures
  2 adders (D:2)
  2 worms (D:2)
  5 dart slugs
  A leopard gecko (D:2)
  A ball python (D:1)
  8 bats
  4 giant cockroaches
  9 goblins
  6 hobgoblins
  9 jackals
  A kobold (D:2)
  A quokka (D:2)
  6 rats
55 creatures vanquished.

Notes
Turn   | Place    | Note
-------+----------+-------------------------------------------
     0 | D:1      | Mrkan the Minotaur Fighter began the quest for the Orb.
     0 | D:1      | Reached XP level 1. HP: 19/19 MP: 0/0
    89 | D:1      | Reached XP level 2. HP: 14/27 MP: 1/1
   157 | D:1      | Found a shattered altar of Ashenzari.
   175 | D:1      | Became a worshipper of Ashenzari the Shackled
   265 | D:1      | Reached XP level 3. HP: 25/33 MP: 2/2
   860 | D:2      | Found a white marble altar of Elyvilon.
  1028 | D:2      | Reached XP level 4. HP: 37/40 MP: 3/3
  1059 | D:2      | Found a bloodstained altar of Trog.
  1160 | D:2      | Found a white marble altar of Elyvilon.
  1357 | D:2      | Noticed Sigmund
  1372 | D:2      | Mangled by Sigmund

Skill      XL: |  1  2  3 |
---------------+----------+-----
Maces & Flails | 3 4 |  4.4
Fighting       | 4 |  4.4
Shields        | 4 |  4.4
Armour         | |  3.6

Action                   |  1- 3 |  4- 6 || total
-------------------------+-------+-------++-------
Melee: Flail             |   117 |    31 ||   148
       Headbutt          |    14 |     5 ||    19
  Eat: Chunk             |       |     1 ||     1
Armor: Scale mail        |    50 |    14 ||    64
Dodge: Dodged            |    36 |     4 ||    40
Block: Shield            |    67 |     7 ||    74
